[Event "*** Titled Tuesday Blitz"]
[Site "Chess.com"]
[Date "2018.07.03"]
[Round "1"]
[White "asms9699"]
[Black "maheswaran26"]
[Result "0-1"]
[WhiteElo "2452"]
[BlackElo "1997"]
[TimeControl "180+2"]
[EndTime "13:08:30 PDT"]
[Termination "maheswaran26 won by resignation"]

1. c4 Nf6 2. g3 g6 3. Bg2 Bg7 4. Nf3 O-O 5. O-O d6 6. Nc3 e5 7.
d3 Nc6 8. b3 Bf5 9. Bb2 a5 10.
Rc1 Qd7 11. Nd5 Ne8 12. d4 a4 13. dxe5 dxe5 14. b4 e4 15. Nd4 Nxd4 16. Bxd4 Bxd4 17.
Qxd4 c6 18. Nf6+ Nxf6 19. Qxf6 Qd8 20. Qc3 Qe7 21. Rfd1 Rfd8 22. a3 h5 23. h4 Bg4 24.
Qc2 e3 25. f4 Bf5 26. Qc3 Bg4 27. Qc2 Bf5 28. Qc3 Bg4 29. Kf1 Rd2 30. Rxd2 exd2 31. Qxd2 Rd8 32. Qe1 Qe3 33. Rc3 Bxe2+ 34. Qxe2 Qxc3 35.
Kg1 Qxa3 36. Qe7 Qc1+ 37. Kh2 Qd2 38. b5 cxb5 39. cxb5 Qd7 40. Qb4 Qd4 41. Qe7 Qd6 42. Qxb7 a3 43. Qa7 Qb4 44. b6 Qb2 45. b7 a2 46. Qa8 Rf8 47. Kh3 a1=Q 48. Qc8 Qab1 49. Qc6 Qf5+ 50. Kh2 Qfc2 51. Qd5 Qxg2+ 0-1

[Event "*** Titled Tuesday Blitz"]
[Site "Chess.com"]
[Date "2018.07.03"]
[Round "1"]
[White "gmjlh"]
[Black "krzysztofszczurek"]
[Result "1-0"]
[WhiteElo "2673"]
[BlackElo "2335"]
[TimeControl "180+2"]
[EndTime "13:08:31 PDT"]
[Termination "gmjlh won by resignation"]

1. d4 Nf6 2. c4 g6 3. Nf3 Bg7 4.
g3 O-O 5. Bg2 d6 6. O-O Nbd7 7.
Nc3 e5 8. e4 h6 9. b3 Nh7 10.
Be3 c6 11. Qd2 g5 12. h3 Qe7 13. Rad1 f5 14. exf5 Rxf5 15. Rfe1 Rf8 16. Nh2 Kh8 17. Ne4 Ndf6 18. Nxf6 Nxf6 19. dxe5 dxe5 20. Qa5 b6 21. Bxb6 axb6 22. Qxa8 Bg4 23. Qxc6 Bxd1 24. Rxd1 e4 25. Re1 Qf7 26. Re2 Nd7 27. Qxe4 Nc5 28. Qe3 Rd8 29. Ng4 h5 30. Ne5 Qf6 31. Bd5 Rf8 32. b4 Na6 33. Nd7 Qa1+ 34. Re1 Qc3 35. Nxf8 Qxe3 36. Ng6+ Kh7 37. Rxe3 Kxg6 38. Re6+ Kf5 39. Rxb6 Nc7 40. Bf3 g4 41. hxg4+ hxg4 42. Bd1 Bd4 43. Rc6 Ne6 44. Bxg4+ Kxg4 45. Rxe6 1-0

[Event "*** Titled Tuesday Blitz"]
[Site "Chess.com"]
[Date "2018.07.03"]
[Round "1"]
[White "kleinebeer98"]
[Black "chesstatour"]
[Result "1-0"]
[WhiteElo "2480"]
[BlackElo "2038"]
[TimeControl "180+2"]
[EndTime "13:08:33 PDT"]
[Termination "kleinebeer98 won by resignation"]

1. e4 c6 2. d4 d5 3. f3 dxe4 4. fxe4 e5 5. Nf3 Bg4 6. Bc4 Nd7 7. c3 Bd6 8. Qb3 Qe7 9. O-O Ngf6 10. Bg5 b5 11.
Bd3 O-O 12. Nh4 Be6 13. Qd1 h6 14. Bxf6 Nxf6 15. Nf5 Bxf5 16. Rxf5 exd4 17. cxd4 Nxe4 18. Nc3 Nxc3 19. bxc3 Qh4 20. g3 Bxg3 21. hxg3 Qxg3+ 22. Kf1 Qh3+ 23. Kf2 Qh2+ 24. Kf1 Qh3+ 25. Ke1 Rfe8+ 26. Kd2 Re3 27. Qf1 Qxf1 28. Raxf1 Re7 29. c4 a6 30. d5 cxd5 31. Rxd5 bxc4 32. Bxc4 Raa7 33. Kd3 Kh7 34. Kd4 Red7 35. Rxd7 Rxd7+ 36. Kc5 Rc7+ 37. Kd4 Rd7+ 38. Bd5 f6 39. Kc5 Rc7+ 40. Kd6 Rc2 41. Be4+ g6 1-0

[Event "*** Titled Tuesday Blitz"]
[Site "Chess.com"]
[Date "2018.07.03"]
[Round "1"]
[White "Yaacovn"]
[Black "Saitama_Hero"]
[Result "1/2-1/2"]
[WhiteElo "2636"]
[BlackElo "2326"]
[TimeControl "180+2"]
[EndTime "13:08:35 PDT"]
[Termination "Game drawn - insufficient material"]

1. d4 Nf6 2. Nf3 g6 3. e3 Bg7 4.
Be2 O-O 5. b3 d6 6. Bb2 Nbd7 7.
O-O e5 8. dxe5 Ng4 9. c4 Ngxe5 10. Nxe5 Nxe5 11. Qd2 Be6 12. Nc3 Qh4 13. Rae1 Rfe8 14.
e4 c6 15. f4 Ng4 16. Bxg4 Bxg4 17. Na4 Bxb2 18. Nxb2 Rad8 19. Nd3 Qf6 20. Nf2 Bc8 21. f5 h5 22. g4 d5 23. exd5 Rxe1 24. Rxe1 cxd5 25.
cxd5 hxg4 26. Nxg4 Qb6+ 27. Qf2 Qxf2+ 28. Kxf2 Bxf5 29.
Nh6+ Kg7 30. Nxf5+ gxf5 31. Rd1 Kf6 32. d6 Ke6 33. Kf3 Rxd6 34. Rxd6+ Kxd6 35. Kf4 Ke6 36. b4 b5 37. h3 Kf6 38. h4 Kg6 39. Ke5 Kh5 40.
Kxf5 Kxh4 41. Kf6 Kg4 42. Kxf7 Kf4 43. Ke6 Ke4 44. Kd6 Kd4 45. Kc6 Kc4 46. a3 Kb3 47. Kxb5 Kxa3 48. Ka5 a6 49. b5 axb5 50. Kxb5 1/2-1/2

[Event "*** Titled Tuesday Blitz"]
[Site "Chess.com"]
[Date "2018.07.03"]
[Round "1"]
[White "Caterpiller35"]
[Black "djamir"]
[Result "0-1"]
[WhiteElo "2283"]
[BlackElo "2605"]
[TimeControl "180+2"]
[EndTime "13:08:43 PDT"]
[Termination "djamir won by resignation"]

1. d4 f5 2. Bf4 Nf6 3. Nc3 g6 4.
h4 h6 5. e4 fxe4 6. f3 d5 7.
fxe4 dxe4 8. Bc4 Bg4 9. Qd2 Bg7 10. Nge2 Nbd7 11. Nb5 Rc8 12. Nxa7 Ra8 13. Nb5 Rc8 14. Qa5 b6 15. Qa7 c6 16. Bc7 cxb5 17. Bxd8 Rxc4 18. Bxb6 Bxe2 19. Kxe2 Rxc2+ 20. Kd1 Rxg2 21. Qa8+ Kf7 22.
Qc6 Nxb6 23. Qxb6 e3 24. Qxb5 Rd8 25. Qc4+ e6 26. Re1 Rd2+ 27. Kc1 R2xd4 28. Qc7+ R8d7 29.
Qc2 Ng4 30. Rg1 h5 31. a4 Rd2 32. Qc4 Bxb2+ 33. Kb1 Bxa1 34. Kxa1 e2 35. Qf4+ Kg7 36. Qe3 Rd1+ 0-1

[Event "*** Titled Tuesday Blitz"]
[Site "Chess.com"]
[Date "2018.07.03"]
[Round "1"]
[White "QDcoach"]
[Black "Muguet7"]
[Result "1-0"]
[WhiteElo "2668"]
[BlackElo "2335"]
[TimeControl "180+2"]
[EndTime "13:08:44 PDT"]
[Termination "QDcoach won by resignation"]

1. Nf3 Nf6 2. c4 e6 3. d4 b6 4. a3 Bb7 5. Nc3 d5 6. Bf4 Be7 7. e3 O-O 8. Rc1 dxc4 9. Bxc4 Nbd7 10. O-O a6 11. Bd3 c5 12. Bb1 cxd4 13. exd4 Nd5 14. Qd3 N7f6 15. Be5 g6 16. Qe2 Rc8 17. Ne4 Nxe4 18.
Bxe4 Qd7 19. h4 Rxc1 20. Rxc1 Rc8 21. Qd2 f6 22. Bg3 Kg7 23. h5 Rxc1+ 24. Qxc1 Qc8 25. Qd2 Qd7 26. Qc2 gxh5 27. Qd2 Bd6 28. Bh4 Bf4 29. Qc2 Ne7 30. Bxb7 Qxb7 31. Qe2 Qd5 32. Qxa6 Nf5 33. Qa7+ Kg6 34. Qxb6 Qe4 35. Qb5 Qb1+ 36. Qf1 Qxb2 37. a4 Qa2 38. Qd1 Qd5 39. Qe1 Qa2 40.
a5 Qc4 41. Qf1 Qa4 42. a6 Nxd4 43. Nxd4 Qxd4 44. Qb1+ f5 45. g3 Bd6 46. Qa2 Qd1+ 47. Kg2 Qe2 48. Qxe2 1-0

[Event "*** Titled Tuesday Blitz"]
[Site "Chess.com"]
[Date "2018.07.03"]
[Round "1"]
[White "SARGISMV"]
[Black "Sven_Tica"]
[Result "0-1"]
[WhiteElo "2331"]
[BlackElo "2658"]
[TimeControl "180+2"]
[EndTime "13:08:51 PDT"]
[Termination "Sven_Tica won by resignation"]

1. d4 Nf6 2. c4 e6 3. g3 d5 4. Bg2 Be7 5. Nf3 O-O 6. O-O Nbd7 7. Qc2 c6 8. Nc3 b6 9. cxd5 cxd5 10. Bf4 Bb7 11. Rac1 a6 12. a4 Rc8 13. Qb3 Rc4 14. Rc2 Qa8 15. Rfc1 Rfc8 16. e3 Bc6 17. Bf1 Rb4 18. Qa2 h6 19. Ne1 g5 20. Be5 Nxe5 21.
dxe5 Ne4 22. Nxe4 Rxe4 23. Nd3 Bd7 24. Rxc8+ Bxc8 25. Bg2 Rg4 26. h3 Re4 27. Bxe4 dxe4 28. Qc4 Bb7 29. Nb4 Bc5 30. Nc2 Qb8 31. b4 Bf8 32. Qd4 Bg7 33. Qxb6 Bxe5 34. Kg2 Qc8 35. Qc5 Qb8 36. Nd4 Bd6 37. Qb6 h5 38. b5 axb5 39. Nxb5 Be5 40. a5 Qa8 41. Nc7 Bxc7 42. Rxc7 Bd5 43.
a6 Qd8 44. a7 Qf6 45. Qb1 Qf3+ 46. Kg1 h4 47. gxh4 Qxh3 48. a8=Q+ Bxa8 49. Rc8+ Kg7 50. Rxa8 Qg4+ 51. Kf1 Qh3+ 52. Kg1 Qg4+ 53. Kf1 Qh3+ 54. Ke2 Qf3+ 55. Kd2 Qxf2+ 56. Kc3 Qxe3+ 57. Kb2 Qd4+ 58. Kb3 Qd5+ 59. Kb4 Qb7+ 0-1

[Event "*** Titled Tuesday Blitz"]
[Site "Chess.com"]
[Date "2018.07.03"]
[Round "1"]
[White "GhostOfGreenval"]
[Black "FearNoEvil12"]
[Result "1-0"]
[WhiteElo "2473"]
[BlackElo "1981"]
[TimeControl "180+2"]
[EndTime "13:08:52 PDT"]
[Termination "GhostOfGreenval won by resignation"]

1. Nf3 a6 2. c4 b6 3. g3 Nf6 4.
Bg2 Bb7 5. O-O e6 6. Nc3 d6 7. d4 Nbd7 8. Re1 Be7 9. e4 O-O 10. h3 c5 11. e5 Ne8 12. dxc5 Nxc5 13. b4 Nd7 14. exd6 Nxd6 15. Qb3 Qc7 16. Bf4 Qxc4 17. Bxd6 Qxb3 18. axb3 Bxd6 19. Rad1 Bxb4 20. Rxd7 Bxc3 21. Rxb7 Bxe1 22. Nxe1 Rab8 23. Ra7 a5 24. Bc6 Rfc8 25. Bb5 Rc5 26. Bc4 g6 27. Nd3 Rcc8 28. Ne5 b5 29.
Bd3 Rd8 30. Nc6 Rxd3 31. Nxb8 Rxb3 32. Rxa5 Rb2 33. Nd7 Kg7 34. Nc5 e5 35. Ra7 Kf6 36.
Rb7 b4 37. Kg2 Rb1 38. Rb6+ Ke7 39. Nd3 e4 40. Nxb4 Kf8 41. Nd5 Rxb6 42. Nxb6 f5 43. Kf1 Kf7 44. Ke2 Ke6 45. Ke3 Ke5 46. Nc4+ Kd5 47. Nd2 Ke5 48. Nf1 h6 49. g4 fxg4 50. hxg4 h5 51. gxh5 gxh5 52. Ng3 h4 53. Nxe4 h3 54.
Ng3 h2 55. f4+ Kf6 56. Kf2 Ke6 57. Kg2 h1=Q+ 58. Kxh1 Kf6 59. Kg2 Kg6 60. Kf3 Kf6 61.
Kg4 Kg6 62. f5+ Kf6 63. Kf4 Kf7 64. Kg5 Kg7 65. f6+ Kf7 66. Kf5 Kf8 67. Kg6 Kg8 68.
Ne4 Kf8 69. f7 Ke7 70. Kg7 Ke6 71. f8=Q Ke5 72. Nf6 Kd4 73. Qe7 1-0

[Event "*** Titled Tuesday Blitz"]
[Site "Chess.com"]
[Date "2018.07.03"]
[Round "1"]
[White "Aleksey_Sorokin"]
[Black "Bad4life"]
[Result "1-0"]
[WhiteElo "2768"]
[BlackElo "2412"]
[TimeControl "180+2"]
[EndTime "13:08:57 PDT"]
[Termination "Aleksey_Sorokin won by checkmate"]

1. d4 Nf6 2. c4 c5 3. d5 e6 4. Nc3 exd5 5. cxd5 d6 6. Nf3 g6 7. Bf4 Bg7 8. Qa4+ Bd7 9. Qb3 Qc7 10. e4 O-O 11. Nd2 Na6 12. Bxa6 bxa6 13. Nc4 Ne8 14. O-O Rb8 15. Qc2 Rb4 16. b3 f5 17. a3 Rb5 18.
f3 Qb8 19. Rab1 Rb7 20. Kh1 h6 21. Bd2 Nf6 22. Bf4 Ne8 23. Bd2 Nf6 24. Rfe1 fxe4 25.
Nxe4 Bf5 26. Bc3 Nxd5 27. Bxg7 Kxg7 28. Ncxd6 Rd7 29. Nxf5+ Rxf5 30. Nxc5 Rdf7 31. Ne6+ Kh7 32. Qf2 Rh5 33. g3 Qb5 34. Qg2 Nc3 35. Rbc1 Nd5 36. f4 Nf6 37. Nd4 Qa5 38. Nc6 Qxa3 39. Ne5 Rg7 40. Rc6 Qb4 41. Rec1 Rxe5 42. fxe5 Ng4 43. R6c4 Qa3 44. Re1 Nxe5 45. Rce4 Nd7 46. Qc2 Qd6 47.
Qc4 Nb6 48. Qe2 Qd5 49. Qf3 h5 50. Rf4 Qd2 51. Rf1 Nd5 52. Rf7 Ne3 53. Rxg7+ Kxg7 54. Qf8+ Kh7 55. Rf7# 1-0

[Event "*** Titled Tuesday Blitz"]
[Site "Chess.com"]
[Date "2018.07.03"]
[Round "1"]
[White "Storne89"]
[Black "dcremisi"]
[Result "1-0"]
[WhiteElo "2602"]
[BlackElo "2279"]
[TimeControl "180+2"]
[EndTime "13:08:59 PDT"]
[Termination "Storne89 won by resignation"]

1. e4 e6 2. d4 d5 3. Nc3 dxe4 4. Nxe4 Bd7 5. Nf3 Bc6 6. Bd3 Nd7 7. O-O Ngf6 8. Nxf6+ Qxf6 9. Be2 Bd6 10. c3 O-O 11. Be3 h6 12. c4 Be4 13. Nd2 Bg6 14. Bf3 Rab8 15. Rc1 Rfd8 16. Qb3 b6 17. Qa4 a5 18. Ne4 Bxe4 19. Bxe4 Bxh2+ 20. Kxh2 Qh4+ 21. Kg1 Qxe4 22. Rfe1 Qb7 23. Qb5 c6 24. Qh5 Nf6 25. Qh4 Qe7 26.
Rcd1 Nd5 27. Qe4 Nxe3 28. fxe3 Rd6 29. Rc1 Rbd8 30. c5 bxc5 31. Rxc5 Qb7 32. b3 Rd5 33.
Rec1 Rxc5 34. Rxc5 Rd5 35. Rc4 Qb5 36. Qc2 Rd6 37.
Qc3 Qg5 38. Rc5 Qg3 39. Rxa5 Rd5 40. Rxd5 cxd5 41. a4 h5 42. Qd2 Qb8 43. b4 h4 44.
b5 h3 45. gxh3 Qg3+ 46. Kf1 Qf3+ 47. Ke1 Qh1+ 48. Ke2 Qg2+ 49. Kd1 Qf1+ 50. Kc2 Qc4+ 51. Qc3 Qxa4+ 52. Qb3 Qa7 53. b6 Qb7 54. Qb5 Kf8 55. Qc5+ Ke8 56. Kb3 Qa6 57. Kb4 Qb7 58. Ka5 Kd7 59.
Qb5+ Kd6 60. Qc5+ Kd7 61. Qf8 Kc6 62. Qe8+ Kd6 63. Kb5 f6 64. Qf8+ Kd7 65. Qxg7+ Kc8 66. Qxb7+ Kxb7 67. h4 e5 68. h5 exd4 69. exd4 f5 70.
h6 f4 71. h7 f3 72. h8=Q f2 73. Qh7+ 1-0

[Event "*** Titled Tuesday Blitz"]
[Site "Chess.com"]
[Date "2018.07.03"]
[Round "1"]
[White "MrRooke6"]
[Black "Micki-taryan"]
[Result "0-1"]
[WhiteElo "2429"]
[BlackElo "2853"]
[TimeControl "180+2"]
[EndTime "13:09:02 PDT"]
[Termination "Micki-taryan won by resignation"]

1. e4 d6 2. d4 e5 3. Nf3 Nd7 4. Bc4 Be7 5. Ng5 Bxg5 6. Qh5 g6 7. Qxg5 Qxg5 8. Bxg5 exd4 9. c3 Ne5 10. Bb3 h6 11.
Bh4 c5 12. cxd4 cxd4 13. Na3 Bd7 14. O-O-O Rc8+ 15. Kb1 g5 16. Bg3 d3 17. Bxe5 dxe5 18. Rxd3 b5 19. Rhd1 Nf6 20. Rd6 Rc6 21. Nxb5 Ke7 22. f3 a6 23. Rxc6 Bxc6 24. Nd6 Bd7 25. Nxf7 Rb8 26. Nxe5 Be8 27. Nd3 a5 28. Nc5 Nh5 29.
e5 Nf4 30. g3 Ng6 31. Re1 Rb5 32. Nd3 Rb8 33. f4 a4 34. Bc2 gxf4 35. gxf4 Nh4 36.
Nc5 a3 37. b3 Ng2 38. Re4 Bc6 39. Rd4 Ne3 40. Be4 Rg8 41. Kc1 Bb5 42. Kd2 Nf1+ 43.
Kc3 Ne3 44. f5 Rg5 45. f6+ Kf7 46. Kb4 Be8 47. Rd3 Ng4 48. Bd5+ Kg6 49. Be4+ Kf7 50. h4 Rxe5 51. Bd5+ Kxf6 52. Ne4+ Ke7 53. Kxa3 Bg6 54. Rd4 Ne3 55. Bc6 Nc2+ 0-1

[Event "*** Titled Tuesday Blitz"]
[Site "Chess.com"]
[Date "2018.07.03"]
[Round "1"]
[White "Bigfish1995"]
[Black "GM_Huschenbeth"]
[Result "1-0"]
[WhiteElo "2898"]
[BlackElo "2431"]
[TimeControl "180+2"]
[EndTime "13:09:03 PDT"]
[Termination "Bigfish1995 won on time"]

1. d4 Nf6 2. c4 e6 3. Nf3 d5 4. g3 Be7 5. Bg2 O-O 6. b3 dxc4 7.
bxc4 c5 8. O-O cxd4 9. Nxd4 Qb6 10. Nb5 Rd8 11. Qb3 a6 12. N5c3 Qc7 13. Bf4 e5 14.
Be3 Nbd7 15. Nd5 Nxd5 16. cxd5 Nc5 17. Qc2 Bd6 18. Rc1 b6 19. Nd2 Bg4 20. Nc4 Rac8 21. Rab1 Nd7 22. Be4 Bc5 23. Bxc5 Qxc5 24. Nxb6 Qxc2 25.
Rxc2 Rxc2 26. Bxc2 Nxb6 27. Rxb6 Bxe2 28. Be4 g6 29. d6 Bb5 30. f3 f5 31. Bd5+ Kg7 32. f4 exf4 33. gxf4 Kf6 34. Kf2 Rd7 35. Ke3 h6 36.
Kd4 g5 37. fxg5+ hxg5 38. Kc5 Ke5 39. Bb3 Rd8 40. a4 Be2 41. d7 Kf4 42. Kd6 Bh5 43.
Ke7 1-0

[Event "*** Titled Tuesday Blitz"]
[Site "Chess.com"]
[Date "2018.07.03"]
[Round "1"]
[White "AndrewDGreen"]
[Black "meoluoi91"]
[Result "1-0"]
[WhiteElo "2184"]
[BlackElo "2505"]
[TimeControl "180+2"]
[EndTime "13:09:03 PDT"]
[Termination "AndrewDGreen won by checkmate"]

1. d4 d5 2. Bf4 c5 3. e3 cxd4 4. exd4 Nc6 5. c3 Nf6 6. Nd2 Bf5 7. Ngf3 e6 8. Nh4 Bg6 9. Nxg6 hxg6 10. Bd3 Bd6 11. Qf3 Qc7 12. Bxd6 Qxd6 13. g3 g5 14.
O-O-O Rc8 15. Kb1 a6 16. Qe3 g4 17. Qg5 Ke7 18. Rde1 Rh5 19. Qe3 Rch8 20. Nf1 b5 21. f3 Na5 22. fxg4 Nxg4 23. Qe2 Nf6 24. Ne3 Kd7 25. Ng4 b4 26. Ne5+ Ke7 27. g4 Rh3 28. g5 Nd7 29. g6 Nxe5 30. dxe5 Qb8 31. c4 dxc4 32. Bxc4 R8h4 33. Bxa6 fxg6 34. Qd2 Nc6 35. Qg5+ Kf7 36. Rhf1+ Kg8 37. Qxg6 Nd4 38. Rf7 Rh7 39. Rg1 Nf5 40. Qxe6 Nd4 41. Qg6 Qxe5 42. Bc4 Rxh2 43. Rf8+ Kxf8 44. Qf7# 1-0

[Event "*** Titled Tuesday Blitz"]
[Site "Chess.com"]
[Date "2018.07.03"]
[Round "1"]
[White "Artur0208"]
[Black "Dr-Bassem"]
[Result "0-1"]
[WhiteElo "2371"]
[BlackElo "2704"]
[TimeControl "180+2"]
[EndTime "13:09:05 PDT"]
[Termination "Dr-Bassem won by resignation"]

1. d4 Nf6 2. Nf3 g6 3. g3 Bg7 4.
Bg2 O-O 5. O-O d6 6. c4 Nbd7 7. Nc3 e5 8. h3 c6 9. e4 Re8 10. Be3 a6 11. a4 a5 12. Qc2 exd4 13. Nxd4 Nc5 14. Rad1 Qe7 15. Rfe1 Bd7 16. Bf4 Rad8 17.
Re2 Bc8 18. g4 h5 19. g5 Nfd7 20. b3 Nb8 21. Red2 Nba6 22. Nde2 Be5 23. Be3 Nb4 24.
Qb1 b6 25. Na2 Nxa2 26. Qxa2 Bg7 27. Qc2 Ba6 28. e5 dxe5 29. Bxc6 Rxd2 30. Qxd2 Rc8 31. Qd5 Nxb3 32. Bxb6 Qxg5+ 33. Kf1 Qh4 34. Bd7 Bxc4 35. Qf3 Rb8 36. Bc7 Rb4 37. Bd6 Nd4 38. Rxd4 Rb1+ 39. Kg2 exd4 40. Bg3 Qg5 41. h4 Qd5 42. Bc6 Qxf3+ 43.
Bxf3 d3 44. Nf4 d2 0-1

[Event "*** Titled Tuesday Blitz"]
[Site "Chess.com"]
[Date "2018.07.03"]
[Round "1"]
[White "attack2mateU"]
[Black "FelixBlohberger"]
[Result "1-0"]
[WhiteElo "2657"]
[BlackElo "2324"]
[TimeControl "180+2"]
[EndTime "13:09:08 PDT"]
[Termination "attack2mateU won by resignation"]

1. e4 d5 2. exd5 Qxd5 3. Nc3 Qd6 4. d4 Nf6 5. Nf3 c6 6. Ne5 Nbd7 7. Nc4 Qc7 8. Qf3 Nb6 9. Bf4 Qd8 10. Be5 Be6 11.
Na5 Qd7 12. Nb3 Bd5 13. Nxd5 Qxd5 14. Qg3 g6 15. Nc5 Bg7 16. Be2 O-O 17. O-O Ne4 18.
Nxe4 Qxe4 19. Bd3 Qd5 20. Rfe1 e6 21. c3 a5 22. h4 Nd7 23. Bxg7 Kxg7 24. Be4 Qb5 25. b3 Nf6 26. Bf3 Rad8 27. c4 Qb6 28.
Rad1 Rxd4 29. Rxd4 Qxd4 30. Rd1 Qb2 31. Qc7 Qxa2 32.
Qxb7 a4 33. bxa4 Qxa4 34. Qxc6 Qxc6 35. Bxc6 Rc8 36. Bb5 Ne4 37. Rd7 Kf6 38. f3 Nc5 39.
Ra7 Nd3 40. Kh2 Ne5 41. Ra4 h5 42. Kg3 Rc7 43. Kf4 Nd3+ 44. Ke3 Nc5 45. Ra8 Ke5 46.
g4 hxg4 47. fxg4 f5 48. h5 gxh5 49. gxh5 Rh7 50. Rc8 Kd6 51. Rc6+ 1-0

[Event "*** Titled Tuesday Blitz"]
[Site "Chess.com"]
[Date "2018.07.03"]
[Round "1"]
[White "Korchmar_Vasiliy"]
[Black "NemtsevIgor"]
[Result "0-1"]
[WhiteElo "2679"]
[BlackElo "2392"]
[TimeControl "180+2"]
[EndTime "13:09:12 PDT"]
[Termination "NemtsevIgor won on time"]

1. d4 c6 2. c4 d6 3. Nc3 Nd7 4. e4 h6 5. Nf3 g5 6. h3 Bg7 7.
Be2 Nf8 8. Be3 Nf6 9. e5 dxe5 10. Nxe5 Bf5 11. O-O Ng6 12. Qb3 Rb8 13. Rfd1 Qc7 14. Nxg6 Bxg6 15. d5 O-O 16. Bxa7 Rbc8 17. Bb6 Qf4 18. Be3 Qh4 19. Bf1 Nh5 20. Qxb7 g4 21. Qd7 f5 22. d6 e5 23. Qe6+ Kh7 24. d7 Rcd8 25. Rd6 Rf6 26. Qxe5 Rxd6 27. Qxd6 gxh3 28. g3 h2+ 29. Kh1 Qg4 30. Be2 Qh3 31. Bf3 f4 32. Bxf4 Rxd7 33. Qb8 Rf7 34. Bg2 Qg4 35.
Be3 Bxc3 36. bxc3 Be4 37. Qe8 Bxg2+ 38. Kxg2 Qf3+ 39. Kxh2 Nxg3 40. fxg3 Qh5+ 41. Kg1 Rf1+ 0-1

[Event "*** Titled Tuesday Blitz"]
[Site "Chess.com"]
[Date "2018.07.03"]
[Round "1"]
[White "gemarin"]
[Black "RitvarsReimanis"]
[Result "0-1"]
[WhiteElo "1812"]
[BlackElo "2466"]
[TimeControl "180+2"]
[EndTime "13:09:14 PDT"]
[Termination "RitvarsReimanis won on time"]

1. d4 d5 2. c4 c6 3. Nc3 e6 4. e3 f5 5. Bd3 Nf6 6. Nge2 Bd6 7. f3 Qc7 8. f4 Ne4 9. O-O Nd7 10. Bd2 Ndf6 11. Bxe4 fxe4 12. Ng3 O-O 13. Rc1 Qd8 14. Qb3 Kh8 15. Be1 Ng4 16. Nd1 Nh6 17.
Nf2 Qb6 18. Qc2 Qd8 19. Nh3 a5 20. a3 Nf5 21. Qe2 Bd7 22. Ng5 Qe8 23. Rc3 h6 24. Nh3 Qg6 25. Nh5 Be7 26. Kh1 Nd6 27.
c5 Nc4 28. Rg1 Nxb2 29. f5 Qf7 30. N5f4 Nd3 31. Ng6+ Kg8 32. Nxf8 Rxf8 33. fxe6 Bxe6 34. Rxd3 exd3 35. Qxd3 Bf5 36. Qe2 Bxh3 37. gxh3 Qf3+ 38.
Qxf3 Rxf3 39. Rg3 Rf1+ 40. Rg1 Rxg1+ 41. Kxg1 a4 42. Kf2 Kf7 43. Kf3 Ke6 44. e4 Bg5 45.
Bb4 Bc1 0-1

[Event "*** Titled Tuesday Blitz"]
[Site "Chess.com"]
[Date "2018.07.03"]
[Round "1"]
[White "Triumphmate"]
[Black "GMMatamoros"]
[Result "1-0"]
[WhiteElo "2217"]
[BlackElo "2507"]
[TimeControl "180+2"]
[EndTime "13:09:16 PDT"]
[Termination "Triumphmate won by resignation"]

1. e4 c5 2. Nf3 Nc6 3. d4 cxd4 4. Nxd4 e5 5. Nb5 d6 6. N1c3 a6 7. Na3 Be7 8. Nd5 Nf6 9. Bd3 Nxd5 10. exd5 Qa5+ 11.
c3 Qxd5 12. O-O Qe6 13. Nc2 d5 14. Ne3 e4 15. Bc2 O-O 16. Nxd5 Rd8 17. Nxe7+ Qxe7 18. Qe2 Bf5 19. Bf4 Bg6 20. Rfe1 Re8 21. Rad1 Rad8 22.
h3 h6 23. b4 Qf6 24. Qe3 Ne5 25. Bxe4 Rxd1 26. Rxd1 Nc4 27. Qc5 Rxe4 28. Bg3 b5 29. Qc8+ Kh7 30. Rd8 Bf5 31. Rh8+ Kg6 32. Qc5 Qxc3 33.
h4 h5 34. Rxh5 Re1+ 35. Kh2 Qf6 36. Rg5+ Kh6 37. Rxf5 Qg6 38. Bf4+ Kh7 39. Rh5+ Qxh5 40. Qxh5+ Kg8 41. Qg4 Re6 42. h5 Nb6 43. h6 Rg6 44.
Qe2 gxh6 45. Qe8+ Kg7 46. Be5+ f6 47. Qe7+ Kg8 48. Qd8+ Kf7 49. Qc7+ Kg8 50. Qxb6 Rg5 51. Qxf6 1-0

[Event "*** Titled Tuesday Blitz"]
[Site "Chess.com"]
[Date "2018.07.03"]
[Round "1"]
[White "olksuna"]
[Black "GM_dmitrij"]
[Result "0-1"]
[WhiteElo "2423"]
[BlackElo "2808"]
[TimeControl "180+2"]
[EndTime "13:09:24 PDT"]
[Termination "GM_dmitrij won on time"]

1. e4 e5 2. Nf3 Nc6 3. c3 Nf6 4.
d3 d5 5. Nbd2 Bc5 6. Be2 a5 7.
O-O O-O 8. Qc2 h6 9. h3 Be6 10.
Re1 d4 11. Nb3 Bb6 12. cxd4 Bxb3 13. Qxb3 Nxd4 14. Nxd4 Qxd4 15. Be3 Qb4 16. Qxb4 axb4 17. Bxb6 cxb6 18. Rec1 Rfc8 19. Kf1 Rxc1+ 20. Rxc1 Rxa2 21. Rb1 Nd7 22. Ke1 Nc5 23. Kd2 Nb3+ 24. Ke3 g5 25. Bg4 Kf8 26. Bc8 Nc5 27. d4 exd4+ 28. Kxd4 Ke7 29.
Kc4 b3 30. e5 Kd8 31. Bf5 Ra4+ 32. Kb5 Rf4 33. g4 Rxf2 34. Kxb6 Na4+ 35. Kxb7 Ke7 36.
Kc6 Rxb2 37. Rd1 Re2 38. Rd7+ Kf8 39. Ra7 Nc3 40. Ra3 Rxe5 41. Rxb3 Ne2 42. Kd6 Re8 43.
h4 Nd4 44. Rb4 Nxf5+ 45. gxf5 Kg7 46. Kd7 Re5 47. hxg5 hxg5 48. Rb5 Rxb5 0-1

[Event "*** Titled Tuesday Blitz"]
[Site "Chess.com"]
[Date "2018.07.03"]
[Round "1"]
[White "Parhamov"]
[Black "Goala"]
[Result "1/2-1/2"]
[WhiteElo "2762"]
[BlackElo "2430"]
[TimeControl "180+2"]
[EndTime "13:09:24 PDT"]
[Termination "Game drawn by stalemate"]

1. c4 e6 2. Nf3 Nf6 3. g3 b6 4. Bg2 Bb7 5. O-O c5 6. b3 a6 7.
Bb2 Be7 8. d4 cxd4 9. Nxd4 Bxg2 10. Kxg2 Qc7 11. Nc3 d6 12. e4 Nbd7 13. Qe2 O-O 14.
Rac1 Rac8 15. Rfd1 Rfe8 16. f3 Qb7 17. Nc2 Ne5 18.
Ne3 Red8 19. Rc2 Rb8 20. a4 h5 21. Rcd2 h4 22. Ba3 Qc7 23. f4 Ng6 24. Qf3 Qc6 25.
e5 Qxf3+ 26. Kxf3 dxe5 27. Bxe7 Rxd2 28. Rxd2 Nxe7 29. fxe5 Ne8 30. Ne4 Ng6 31. Ng4 Kf8 32.
Rd7 Rc8 33. Ng5 Rc7 34. Rxc7 Nxc7 35. b4 Ke7 36. b5 axb5 37. axb5 Ne8 38. Ne4 hxg3 39.
hxg3 f6 40. exf6+ gxf6 41. c5 bxc5 42. Nxc5 Kd6 43. Ne4+ Kc7 44. Ne3 Kb6 45. Nc3 Nd6 46.
Ng4 f5 47. Nf6 Nxb5 48. Ne2 Kc5 49. Ke3 Nc7 50. Nh5 Nd5+ 51. Kf3 Ne5+ 52. Kg2 Kd6 53. Nhf4 Nxf4+ 54. gxf4 Nd3 55. Kf3 Kd5 56. Ke3 Nc5 57.
Ng3 Ne4 58. Nf1 Nf6 59. Kf3 Ne4 60. Ke3 e5 61. fxe5 Kxe5 62. Nh2 f4+ 63. Ke2 Kf5 64. Nf3 Ng3+ 65. Kf2 Ne4+ 66. Kg2 Ng5 67. Nxg5 Kxg5 68. Kf3 Kf5 69. Kf2 Ke4 70. Ke2 Ke5 71. Kf3 Kf5 72. Kf2 Kg4 73. Kg2 f3+ 74. Kf2 Kf4 75. Kf1 Ke3 76. Ke1 Ke4 77. Kf2 Kf4 78. Kf1 Kg3 79.
Kg1 Kg4 80. Kf2 Kf4 81. Kf1 Kg3 82. Kg1 f2+ 83. Kf1 Kf3 1/2-1/2

[Event "*** Titled Tuesday Blitz"]
[Site "Chess.com"]
[Date "2018.07.03"]
[Round "1"]
[White "Makalexa"]
[Black "kungmongmanh"]
[Result "0-1"]
[WhiteElo "2039"]
[BlackElo "2482"]
[TimeControl "180+2"]
[EndTime "13:09:25 PDT"]
[Termination "kungmongmanh won on time"]

1. e4 e6 2. d4 d5 3. Nc3 Nf6 4. Bg5 Be7 5. e5 Nfd7 6. Bxe7 Qxe7 7.
f4 a6 8. Nf3 c5 9. dxc5 Nxc5 10. Bd3 b5 11. O-O Bb7 12. Re1 Nc6 13. Rc1 g6 14. a3 Rd8 15. b4 Ne4 16. Ne2 O-O 17. c3 Qc7 18. Ned4 Ne7 19. Bxe4 dxe4 20. Ng5 Nf5 21. Nxe4 Bxe4 22. Rxe4 Rd5 23. Qe1 Qb6 24. Qf2 Rfd8 25. Rd1 Ne7 26. Rde1 Qc7 27. Qg3 Nf5 28. Nxf5 exf5 29. R4e3 Qb6 30. Kf1 Qe6 31. h4 Rd2 32.
R1e2 Rd1+ 33. Re1 Qc4+ 34. Re2 R1d3 35. Qf2 Qxc3 36. Kg1 Qxa3 37. e6 fxe6 38. Rxe6 Qxb4 39. Re8+ Rxe8 40. Rxe8+ Kf7 41. Qe2 Qd4+ 42. Kh1 Rd1+ 43. Kh2 Qxf4+ 44. g3 Qd2 45. Re7+ Kg8 46. Re8+ Kg7 47.
Re7+ Kh6 48. Kh3 Qxe2 49. Rxe2 Rd4 50. Ra2 Ra4 51. Rd2 Ra3 52. Rd7 f4 53. Kg4 fxg3 0-1

[Event "*** Titled Tuesday Blitz"]
[Site "Chess.com"]
[Date "2018.07.03"]
[Round "1"]
[White "SamCopeland"]
[Black "pulvettd"]
[Result "0-1"]
[WhiteElo "1985"]
[BlackElo "2475"]
[TimeControl "180+2"]
[EndTime "13:09:26 PDT"]
[Termination "pulvettd won by resignation"]

1. e4 c5 2. Nf3 d6 3. d4 cxd4 4. Nxd4 Nf6 5. Nc3 a6 6. Bg5 e6 7. f4 h6 8. Bxf6 Qxf6 9. Qd2 Nc6 10. Nf3 g5 11. fxg5 hxg5 12. Qxg5 Qxg5 13. Nxg5 Bh6 14. Nf3 b5 15. Bd3 Bb7 16. O-O Ke7 17. Ne2 Be3+ 18. Kh1 Kd7 19. Rad1 Ke7 20. c3 Rag8 21. Ned4 Ne5 22.
Nxe5 dxe5 23. Nf3 Bf4 24. Bc2 f6 25. Rfe1 Rg7 26. a4 Bxh2 27. Nxh2 Rgh7 28. axb5 Rxh2+ 29. Kg1 axb5 30. Rd2 Rh1+ 31. Kf2 Rxe1 32. Kxe1 Rh1+ 33. Kf2 Rc1 34. Bd3 Bc6 35. Rc2 Rd1 36. Ke2 Rg1 37. Kf2 Rd1 38. Ke2 Rh1 39. Rd2 Rh4 40. Ke3 Rg4 41. Bc2 Rg3+ 42. Kf2 Rg4 43. Ke3 Rg8 44. Bd3 Rg7 45. Bc2 Rg5 46. Bd3 f5 47. exf5 exf5 48. Bf1 f4+ 49. Kf2 e4 50. Rd4 Ke6 51. c4 b4 52. c5 Rxc5 53. Rxb4 Rc2+ 54. Kg1 f3 55. gxf3 exf3 56. Bd3 f2+ 57. Kf1 Rd2 58. Be4 Bd7 59. Bf3 Kd6 60. Bg2 Bf5 61. Bf3 Bd3+ 0-1